 Seeded DCSS version 0.30-a0-859-gf88a04b62d (webtiles) character file.

Game seed: 8796237800415217726 (custom seed)

7 BigDaddyOpFi the Trooper (level 2, 27/27 HPs)
             Began as a Hill Orc Fighter on Mar 6, 2023.
             Got out of the dungeon alive.
             The game lasted 00:00:46 (138 turns).

BigDaddyOpFi the Trooper (Hill Orc Fighter)          Turns: 138, Time: 00:00:47

Health: 27/27      AC:  6    Str: 18    XL:     2   Next: 4%
Magic:  2/2        EV:  9    Int:  8    God:
Gold:   1062       SH:  4    Dex: 10    Spells: 1/1 levels left

rFire   . . .      SeeInvis .    a - +0 war axe
rCold   . . .      Faith    .    c - +0 buckler
rNeg    . . .      Spirit   .    b - +0 scale mail
rPois   .          Reflect  .    (no helmet)
rElec   .          Rampage  .    (no cloak)
rCorr   .                        (no gloves)
Will    .....                    (no boots) Stlth
                                 (no amulet)
HPRegen 0.24/turn                (no ring)
MPRegen 0.08/turn                (no ring)

@: studying Axes
A: no striking features
a: no special abilities


You escaped.
You visited 1 branch of the dungeon, and saw 1 of its levels.

You collected 1062 gold pieces.

Inventory:

Hand Weapons
 a - a +0 war axe (weapon)
Armour
 b - a +0 scale mail (worn)
 c - a +0 buckler (worn)
Potions
 d - a potion of might
 e - a potion of magic {unknown}


   Skills:
 + Level 3.8 Fighting
 + Level 3.1 Axes
 + Level 3.4 Armour
 + Level 3.4 Shields


You had one spell level left.
You didn't know any spells.
Your spell library was empty.

Dungeon Overview and Level Annotations

Branches:
Dungeon (1/15)

Altars:

Shops:
D:1 :


Message History

The endoplasm quivers.
The bat closely misses you.
You barely miss the bat. You hit the rat. The bat hits you but does no damage.
The rat closely misses you. The rat bites you.
You hit the rat.
You kill the rat!
The bat hits you but does no damage. The bat hits you. The bat hits you.
You completely miss the endoplasm. The bat hits you.
The endoplasm barely misses you. The endoplasm hits you.
You slash the endoplasm!
You kill the endoplasm!
You closely miss the bat. The bat hits you but does no damage.
A hobgoblin and a kobold come into view.
The kobold is wielding a +1 short sword of speed.
The hobgoblin shouts!
The kobold shouts!
The bat hits you but does no damage. The bat hits you but does no damage.
Found a leather armour.
The bat barely misses you. The bat closely misses you.
You see here a +0 whip.
You hit the bat.
You kill the bat!
The hobgoblin barely misses you.
Your Axes skill increases to level 3!
You hit the hobgoblin.
The hobgoblin is moderately wounded.
You slash the kobold!
You kill the kobold!
The hobgoblin closely misses you.
You hit the hobgoblin.
You kill the hobgoblin!
You have reached level 2!
HP restored.
You see here a ball python corpse.
There is an empty arch of ancient stone here.
There is a staircase leading out of the dungeon here.
Are you sure you want to leave the Dungeon?
This will make you lose the game!
Uppercase [Y]es or [N]o only, please.
Are you sure you want to leave the Dungeon?
This will make you lose the game!
You have escaped!

.. .# . ♣♣♣.
♣. ∩.♣♣ ♣♣∩
..∩♣♣
♣∩..♣♣♣..∩♣
♣∩...@...∩♣
♣∩..♣♣♣..∩♣ .
♣♣∩.....∩♣♣..
⌠.
♣♣♣∩.∩♣♣♣♣.>
#.♣♣♣♣.♣♣♣♣.#
#..♣♣.♣♣!.#
## #.......#
#.# ..
###..#..#
#.####.#
##...##
#.#....#


There were no monsters in sight!

Vanquished Creatures
  An endoplasm (D:1)
  A hobgoblin (D:1)
  2 ball pythons (D:1)
  A bat (D:1)
  A kobold (D:1)
  3 rats (D:1)
9 creatures vanquished.

Notes
Turn   | Place    | Note
-------+----------+-------------------------------------------
     0 | D:1      | BigDaddyOpFi the Hill Orc Fighter began the quest for the
                  | Orb.
     0 | D:1      | Reached XP level 1. HP: 19/19 MP: 1/1
    16 | D:1      | Found Veoliky's Book Emporium.
    38 | D:1      | Identified 3 scrolls of acquirement
    38 | D:1      | Acquired a manual of Axes
    40 | D:1      | Acquired a manual of Axes
    42 | D:1      | Acquired 1043 gold pieces
   101 | D:1      | Reached XP level 2. HP: 21/27 MP: 2/2
   138 | D:$      | Got out of the dungeon alive.

Illustrated notes

Levels and vault maps discovered:
D:1:      heliophobic_arrival_henge, layout_rooms, serial_shops, shop_statue

Skill      XL: |  1 |
---------------+----+-----
Axes           | 3 |  3.1
Fighting       | |  3.8
Armour         | |  3.4
Shields        | |  3.4

Action                     || total
---------------------------++-------
  Melee: War axe           ||    21
    Use: Scroll            ||     3
 Armour: Scale mail        ||    13
  Dodge: Dodged            ||    16
  Block: Buckler           ||     1

Table legend: (Time is in decaauts)
 A = Elapsed time spent in this place.
 B = Non-inter-level travel time spent in this place.
 C = Inter-level travel time spent in this place.
 D = Time resting spent in this place.
 E = Time spent auto-exploring this place.
 F = Levels seen in this place.
 G = Mean time per level.
                   A        B        C        D        E       F      G
               +--------+--------+--------+--------+--------+-----+--------+
         Total |    146 |    110 |     36 |      0 |     30 |   1 |  146.0 |
       Dungeon |    146 |    110 |     36 |      0 |     30 |   1 |  146.0 |
               +--------+--------+--------+--------+--------+-----+--------+

Top non-repeatable levels by time:
     D:1: 146 daAuts
